 Dungeon Crawl Stone Soup version 0.30.0 (webtiles) character file.

Game seed: 17027927414405704405

253 smazza the Digger (level 6, 0/32 HPs)
             Began as a Gargoyle Earth Elementalist on Jan 6, 2024.
             Slain by an ogre
             ... wielding a +0 giant club
              (16 damage)
             ... on level 4 of the Dungeon.
             The game lasted 00:13:09 (2945 turns).

smazza the Digger (Gargoyle Earth Elementalist)     Turns: 2945, Time: 00:13:09

Health: 0/32       AC:  6    Str: 11    XL:     6   Next: 14%
Magic:  10/10      EV: 12    Int: 18    God:
Gold:   168        SH:  0    Dex: 16    Spells: 7/11 levels left

rFire   . . .        p - +0 whip
rCold   . . .        (no shield)
rNeg    + . .        a - +0 robe
rPois   ∞            (no helmet)
rElec   +            (no cloak)
rCorr   .            (no gloves)
SInv    .            (no boots)
Will    .....        (no amulet)
Stlth   ++           s - +6 ring of dexterity
HPRegen 0.25/turn    (no ring)
MPRegen 0.12/turn

%: no passive effects
@: no status effects
A: sickness immunity, AC +4, negative energy resistance 1, electricity
resistance, torment resistance 1, petrification resistance
a: no special abilities


You were on level 4 of the Dungeon.
You visited 1 branch of the dungeon, and saw 4 of its levels.

You collected 168 gold pieces.

Inventory:

Hand Weapons
 p - a +0 whip (weapon)
Armour
 a - a +0 robe (worn)
 r - an orb of light
Jewellery
 s - a +6 ring of dexterity (left hand)
Scrolls
 c - 6 scrolls of identify {unknown}
 g - 2 scrolls of vulnerability {unknown}
 j - 2 scrolls of teleportation {unknown}
 k - a scroll of silence {unknown}
 n - a scroll of fear {unknown}
 q - a scroll of poison {unknown}
Potions
 b - 2 potions of magic
 d - a potion of flight {unknown}
 e - a potion of curing
 f - a potion of attraction {unknown}
 h - 2 potions of invisibility {unknown}
 i - 2 potions of mutation {unknown}
 l - 2 potions of lignification {unknown}
 m - a potion of haste {unknown}
 o - a potion of brilliance {unknown}


   Skills:
 * Level 3.0 Maces & Flails
 - Level 1.5 Dodging
 - Level 2.1 Stealth
 - Level 3.0 Spellcasting
 + Level 0.4 Conjurations
 - Level 1.2 Transmutations
 * Level 5.9 Earth Magic


You had 7 spell levels left.
You knew the following spells:

 Your Spells              Type           Power      Damage    Failure   Level
a - Sandblast             Erth           48%        2d12      1%          1
b - Stone Arrow           Conj/Erth      28%        3d8       13%         3

Your spell library contained the following spells:

 Spells                   Type           Power      Damage    Failure   Level
 Passwall                 Tmut/Erth      12%        N/A       5%          2
 Beastly Appendage        Tmut           14%        N/A       10%         1
 Wereblood                Tmut           7%         N/A       14%         2
 Apportation              Tloc           4%         N/A       16%         1
 Necrotise                Necr           8%         1d4       16%         1
 Summon Small Mammal      Summ           8%         N/A       16%         1
 Momentum Strike          Conj/Tloc      6%         3d8       22%         2
 Blink                    Tloc           4%         N/A       24%         2
 Lesser Beckoning         Tloc           4%         N/A       24%         2
 Spider Form              Tmut/Pois      5%         N/A       36%         3
 Petrify                  Tmut/Erth      15%        N/A       36%         4


Dungeon Overview and Level Annotations

Branches:
Dungeon (4/15)
 Temple: D:4-7

Altars:
The Shining One

Shops:
D:3 !((=!

Annotations:
D:3 2 transporters, ozjimbob's ghost, amateur TrBe
D:4 Edmund


Innate Abilities, Weirdness & Mutations

You are immune to sickness and miasma.
Your stone body is resilient. (AC +4)
You are immune to poison.
You resist negative energy. (rN+)
You are resistant to electric shocks. (rElec)
You are resistant to unholy torment.
You are immune to petrification.


Message History

Aiming: Sandblast (safe; 1% risk of failure)
Press: ? - help, Q - select action Shift-Dir - straight line, f/p - orc wizard
Aim: an orc wizard, wielding a +0 dagger and wearing a +0 robe (heavily wounded, 79% to hit)
The blast of sand misses the orc wizard.
The orc wizard points at you and mumbles some strange words.
You are confused.
The orc wizard closely misses you.
The orc wizard attacks as you move away!
The orc wizard hits you but does no damage.
You hit the orc wizard.
The orc wizard is severely wounded.
The orc wizard hits you with a +0 dagger.
You bump into the rock wall.
An ogre comes into view. It is wielding a +0 giant club.
The orc wizard hits you with a +0 dagger.
You're too confused to move!
The orc wizard casts a spell.
The orc wizard flickers and vanishes!
Deactivating autopickup; reactivate with Ctrl-A.
You bump into the rock wall.
You feel less confused.
You hear some strange, mumbled words.
A magic dart appears from out of thin air!
The magic dart hits you. The ogre attacks as you move away!
The ogre hits you with a +0 giant club. Something hits you.
Something hits you but does no damage.
Okay, then.
It was a potion of curing.
You feel better. Something hits you.
Okay, then.
Something hits you.
A magic dart appears from out of thin air!
The magic dart hits you! Something hits you but does no damage.
You miss something. Something hits you but does no damage.
A magic dart appears from out of thin air!
The magic dart hits you. The ogre hits you with a +0 giant club!
Ouch! That really hurt!
You die...

#.# #.# #.# #.#
#.# #.# #.#
#)####.#
#.####......#
###.......#####
...........##
#.########..#
##.### #
#.@.#########
#.....#.O.........
#...#.#..#...##..
#.# #....#.#.....#
.. #..#...# .##..
#....#.........
###############


You could see an ogre.

Vanquished Creatures
  A hound (D:4)
  An orc priest (D:3)
  Terence (D:3)
  An orc wizard (D:3)
  3 gnolls (D:3)
  6 adders
  2 dart slugs
  4 orcs
  7 endoplasms
  3 giant cockroaches
  4 goblins
  6 hobgoblins
  2 quokkas
  10 ball pythons
  3 frilled lizards
  2 kobolds (D:2)
  3 rats (D:2)
59 creatures vanquished.

Vanquished Creatures (others)
  6 plants (D:3)
6 creatures vanquished.

Grand Total: 65 creatures vanquished

Notes
Turn   | Place    | Note
-------+----------+-------------------------------------------
     0 | D:1      | smazza the Gargoyle Earth Elementalist began the quest for
                  | the Orb.
     0 | D:1      | Reached XP level 1. HP: 10/10 MP: 3/3
   263 | D:1      | Reached skill level 1 in Transmutations
   294 | D:1      | Reached skill level 4 in Earth Magic
   294 | D:1      | Reached XP level 2. HP: 15/15 MP: 3/5
   991 | D:2      | Reached XP level 3. HP: 19/19 MP: 4/6
  1603 | D:3      | Found a glowing golden altar of the Shining One.
  1631 | D:3      | Found Pethe's Distillery.
  1666 | D:3      | Found a transporter.
  1775 | D:3      | Found Lustry's Jewellery Boutique.
  1794 | D:3      | Found Jeekour's Weapon Boutique.
  1808 | D:3      | Found Woinoax's Antique Weapon Emporium.
  1816 | D:3      | Reached skill level 1 in Maces & Flails
  1816 | D:3      | Reached XP level 4. HP: 24/24 MP: 3/7
  1817 | D:3      | Reached skill level 5 in Earth Magic
  1895 | D:3      | Noticed Terence
  1899 | D:3      | Killed Terence
  1900 | D:3      | Reached XP level 5. HP: 16/28 MP: 4/9
  1947 | D:3      | Found Riufig's Distillery.
  2147 | D:3      | Identified the +9 spear of Proximity {venom, *Slow Int+4}
  2267 | D:3      | Found a transporter.
  2282 | D:3      | Noticed ozjimbob's ghost (amateur TrBe)
  2518 | D:4      | Noticed Edmund
  2594 | D:4      | Learned a level 3 spell: Stone Arrow
  2662 | D:4      | Reached XP level 6. HP: 29/32 MP: 7/10
  2945 | D:4      | Slain by an ogre

Illustrated notes

Levels and vault maps discovered:
D:1:      scummos_arrival_gate, layout_loops_ring, hangedman_decor_lopped,
          minmay_misc_feat_roman, kennysheep_another_room, minmay_cut_off
D:2:      layout_basic
D:3:      layout_rooms, nicolae_overflow_crystal_walls, serial_shops, shop,
          nicolae_shop_bloodbath_and_beyond, nicolae_diamond_shop,
          nicolae_square_shop, shop, gammafunk_ghost_gnarly_gnolls, uniq_terence
D:4:      minmay_thinvault, layout_loops_ring, uniq_edmund

Skill      XL: |  1  2  3  4  5  6 |
---------------+-------------------+-----
Transmutations | 1 |  1.2
Earth Magic    | 4 5 |  5.9
Maces & Flails | 1 2 3 |  3.0
Spellcasting   | 3 |  3.0
Dodging        | |  1.5
Stealth        | |  2.1
Conjurations   | |  0.4

Action                     |  1- 3 |  4- 6 || total
---------------------------+-------+-------++-------
  Melee: Club              |    24 |     7 ||    31
         Whip              |       |    19 ||    19
   Cast: Sandblast         |    47 |    36 ||    83
    Use: Potion            |       |     1 ||     1
 Armour: Robe              |    11 |    23 ||    34
  Dodge: Dodged            |    20 |    14 ||    34
